 Dungeon Crawl Stone Soup version 0.25-a0-737-g26c3a87c45 (webtiles) character file.

Game seed: 13202531280669049737, levelgen mode: classic

663488 Amnesiac the Englaciator (level 27, -7/268 HPs)
             Began as a Ghoul Ice Elementalist on Apr 11, 2020.
             Was the Champion of Vehumet.
             Mangled by a Killer Klown
             ... wielding a +10 club of venom
              (14 damage)
             ... on level 5 of the Realm of Zot.
             The game lasted 03:03:11 (59066 turns).

Amnesiac the Englaciator (Ghoul Ice Elementalist)  Turns: 59066, Time: 03:03:12

Health: -7/268     AC: 27    Str: 15 (16) XL:     27
Magic:  31/49      EV: 24    Int: 27      God:    Vehumet [******]
Gold:   9957       SH: 18    Dex: 12 (13) Spells: 22/54 levels left

rFire    + . .     SeeInvis .   a - staff of cold
rCold    + + .     Gourm    .   X - +5 kite shield {rF+}
rNeg     + + +     Faith    .   W - +3 robe of Folly {Archmagi, MR-- Int+5}
rPois    ∞         Spirit   .   T - +2 helmet
rElec    +         Reflect  .   g - +4 cloak of Dramatic Exits {rElec MP+9 Dex+4}
rCorr    .         Harm     +   m - +2 pair of gloves
MR       .....                  O - +2 pair of boots
Stlth    +.........             Z - amulet "Xasimpa" {Harm *Drain Int+3}
HPRegen  0.00/turn              C - +5 ring of protection
MPRegen  0.31/turn              L - ring of Phasing {EV+8}

@: marked, no potions, vertigo, rotting
A: rotting body, claws 1, carnivore, cold resistance 1, negative energy
resistance 3, inhibited regeneration, torment resistance, unbreathing
0: Orb of Zot
}: 4/15 runes: decaying, serpentine, silver, abyssal
a: Renounce Religion


You were on level 5 of the Realm of Zot.
You worshipped Vehumet.
Vehumet was exalted by your worship.
You were not hungry.

You visited 9 branches of the dungeon, and saw 49 of its levels.
You visited the Abyss 3 times.
You also visited: Trove, Ossuary and Gauntlet.

You collected 12136 gold pieces.
You spent 2179 gold pieces at shops.

Inventory:

Hand Weapons
 b - a +9 quick blade of electrocution
Missiles
 y - 10 throwing nets (quivered)
Armour
 g - the +4 cloak of Dramatic Exits (worn) {rElec MP+9 Dex+4}
   (You found it on level 1 of the Elven Halls)

   It affects your dexterity (+4).
   It insulates you from electricity.
   It affects your magic capacity (+9).
 m - a +2 pair of gloves (worn)
 O - a +2 pair of boots (worn)
 T - a +2 helmet (worn)
 W - the +3 robe of Folly (worn) {Archmagi, MR-- Int+5}
   (You found it on level 4 of the Depths)

   It affects your intelligence (+5).
   It affects your resistance to hostile enchantments.
 X - a +5 kite shield of fire resistance (worn)
Magical Staves
 a - an uncursed staff of cold (weapon)
Jewellery
 n - an uncursed ring of wizardry
 p - a +6 ring of intelligence
 A - an uncursed amulet of guardian spirit
 C - a +5 ring of protection (left hand)
 L - the ring of Phasing (right hand) {EV+8}
   (You took it off an ironheart preserver on level 3 of the Vaults)

   [ring of evasion]

   It affects your evasion (+8).
 N - the ring "Uklol" {MP+9 SInv}
   (You found it in a Gauntlet)

   [ring of magical power]

   It affects your magic capacity (+9).
   It lets you see invisible.
 P - an uncursed ring of protection from fire
 V - an uncursed ring of flight
 Z - the amulet "Xasimpa" (around neck) {Harm *Drain Int+3}
   (You took it off a yaktaur captain on level 4 of the Depths)

   [amulet of harm]

   It increases damage dealt and taken.
   It affects your intelligence (+3).
   It causes draining when unequipped.
Wands
 f - a wand of clouds (4)
 i - a wand of polymorph (12)
 q - a wand of paralysis (46)
 t - a wand of acid (13)
 z - a wand of enslavement (55)
 G - a wand of digging (18)
 K - a wand of disintegration (52)
 M - a wand of scattershot (6)
 Y - a wand of iceblast (31)
Scrolls
 s - 13 scrolls of teleportation {!r}
 v - 2 scrolls of blinking {!r}
 w - 3 scrolls of torment {!r}
 B - 11 scrolls of identify {!r}
 F - 3 scrolls of summoning {!r}
 H - 5 scrolls of fear {!r}
 J - 9 scrolls of fog {!r}
 Q - 19 scrolls of remove curse {!r}
 R - 8 scrolls of magic mapping {!r}
Potions
 d - 5 potions of resistance {!q}
 e - 8 potions of invisibility {!q}
 u - 4 potions of flight {!q}
 x - 24 potions of curing {!q}
 D - 10 potions of haste {!q}
 E - 2 potions of cancellation {!q}
 I - 9 potions of might {!q}
 S - 6 potions of brilliance {!q}
 U - 11 potions of heal wounds {!q}
Miscellaneous
 j - a lightning rod (4/4)
 k - a phial of floods
 l - 6 boxes of beasts
 o - 6 phantom mirrors
 r - 2 tins of tremorstones
Comestibles
 c - 95 rations
 h - 2 chunks of flesh


   Skills:
 + Level 25.8 Fighting
 - Level 8.0 Short Blades
 - Level 12.0 Staves
 - Level 11.0 Armour
 - Level 15.0 Dodging
 - Level 4.0 Stealth
 - Level 15.0 Shields
 - Level 14.0 Spellcasting
 O Level 27 Ice Magic
 - Level 13.0 Evocations


You had 22 spell levels left.
You knew the following spells:

 Your Spells              Type           Power        Failure   Level  Hunger
b - Ozocubu's Refrigerat  Ice            #########.   1%          6    ####...
c - Summon Ice Beast      Ice/Summ       ########     1%          4    None
d - Hailstorm             Conj/Ice       ########     1%          4    None
e - Magic Dart            Conj           ####         1%          1    None
f - Iskenderun's Mystic   Conj/Tloc      ####....     13%         4    None
g - Mephitic Cloud        Conj/Pois/Air  ####....     4%          3    None
s - Frozen Ramparts       Ice            ######       1%          3    None
v - Blink                 Tloc           N/A          10%         2    None
w - Passwall              Tmut/Erth      ####....     10%         2    None
z - Ozocubu's Armour      Chrm/Ice       ########     1%          3    None

Your spell library contained the following spells:

 Spells                   Type           Power        Failure   Level  Hunger
 Ignition                 Fire           ####......   100%        8    #######
 Lehudib's Crystal Spear  Conj/Erth      ####......   100%        8    #######
 Fire Storm               Conj/Fire      ####......   100%        9    #######
 Foxfire                  Conj/Fire      ####         1%          1    None
 Freeze                   Ice            ####         1%          1    None
 Sandblast                Erth           ####..       1%          1    None
 Shock                    Conj/Air       ####         1%          1    None
 Ensorcelled Hibernation  Hex/Ice        ######       1%          2    None
 Searing Ray              Conj           ####..       2%          2    None
 Conjure Flame            Conj/Fire      ####....     4%          3    None
 Dazzling Flash           Conj/Hex       ####..       4%          3    None
 Ignite Poison            Fire/Tmut/Pois ####....     4%          3    None
 Inner Flame              Hex/Fire       ####....     4%          3    None
 Static Discharge         Conj/Air       ####....     4%          3    None
 Stone Arrow              Conj/Erth      ####..       4%          3    None
 Simulacrum               Ice/Necr       ########..   4%          6    ####...
 Freezing Cloud           Conj/Ice/Air   ########..   5%          6    ####...
 Animate Skeleton         Necr           N/A          7%          1    None
 Apportation              Tloc           ####..       7%          1    None
 Corona                   Hex            ####...      7%          1    None
 Pain                     Necr           ####         7%          1    None
 Sting                    Tmut/Pois      ####         7%          1    None
 Summon Small Mammal      Summ           ####         7%          1    None
 Call Imp                 Summ           ####....     10%         2    None
 Corpse Rot               Necr/Air       N/A          10%         2    None
 Poisonous Vapours        Pois/Air       ####..       10%         2    None
 Shroud of Golubria       Chrm/Tloc      ####..       10%         2    None
 Slow                     Hex            ####....     10%         2    None
 Sticks to Snakes         Tmut           ####....     10%         2    None
 Swiftness                Chrm/Air       ####....     10%         2    None
 Airstrike                Air            ####......   13%         4    None
 Fulminant Prism          Conj/Hex       ####......   13%         4    None
 Olgreb's Toxic Radiance  Pois           ####....     13%         4    None
 Sticky Flame             Conj/Fire      ####....     13%         4    None
 Confusing Touch          Hex            ####....     17%         3    None
 Gell's Gravitas          Tloc           ####......   17%         3    None
 Lesser Beckoning         Tloc           ####......   17%         3    None
 Recall                   Summ/Tloc      N/A          17%         3    None
 Teleport Other           Tloc           ####....     17%         3    None
 Tukima's Dance           Hex            ####....     17%         3    None
 Vampiric Draining        Necr           ####......   17%         3    None
 Bolt of Magma            Conj/Fire/Erth ####......   28%         5    ##.....
 Fireball                 Conj/Fire      ####......   28%         5    ##.....
 Irradiate                Conj/Tmut      ####......   28%         5    ##.....
 Iskenderun's Battlesphe  Conj/Chrm      ####....     28%         5    ##.....
 Lee's Rapid Deconstruct  Erth           ####......   28%         5    ##.....
 Lightning Bolt           Conj/Air       ####......   28%         5    ##.....
 Yara's Violent Unravell  Hex/Tmut       ####......   28%         5    ##.....
 Animate Dead             Necr           N/A          43%         4    None
 Dispel Undead            Necr           ####....     43%         4    None
 Petrify                  Tmut/Erth      ####....     43%         4    None
 Summon Lightning Spire   Summ/Air       ####....     43%         4    None
 Agony                    Necr           ####....     75%         5    ##.....
 Alistair's Intoxication  Tmut/Pois      ####....     75%         5    ##.....
 Aura of Abjuration       Summ           ####......   75%         5    ##.....
 Borgnjor's Vile Clutch   Necr/Erth      ####......   75%         5    ##.....
 Excruciating Wounds      Chrm/Necr      ####......   75%         5    ##.....
 Silence                  Hex/Air        ####......   75%         5    ##.....
 Summon Demon             Summ           ####......   75%         5    ##.....
 Summon Forest            Summ/Tloc      ####......   75%         5    ##.....
 Summon Mana Viper        Hex/Summ       ####....     75%         5    ##.....
 Conjure Ball Lightning   Conj/Air       ####......   78%         6    ####...
 Iron Shot                Conj/Erth      ####......   78%         6    ####...
 Starburst                Conj/Fire      ####......   78%         6    ####...
 Death Channel            Necr           ####......   99%         6    ####...
 Deflect Missiles         Chrm/Air       ####......   99%         6    ####...
 Dispersal                Tloc           ####......   99%         6    ####...
 Eringya's Noxious Bog    Tmut/Pois      ####......   99%         6    ####...
 Shadow Creatures         Summ           N/A          99%         6    ####...
 Orb of Destruction       Conj           ####......   99%         7    ######.
 Spellforged Servitor     Conj/Summ      ####......   99%         7    ######.
 Ring of Flames           Chrm/Fire      ####......   100%        7    ######.
 Tornado                  Air            ####......   100%        9    #######
 Ice Form                 Ice/Tmut       Unusable     N/A         4    N/A
 Beastly Appendage        Tmut           Unusable     N/A         1    N/A
 Sublimation of Blood     Necr           Unusable     N/A         2    N/A
 Spider Form              Tmut/Pois      Unusable     N/A         3    N/A
 Passage of Golubria      Tloc           Unusable     N/A         4    N/A
 Blade Hands              Tmut           Unusable     N/A         5    N/A
 Hydra Form               Tmut           Unusable     N/A         6    N/A
 Statue Form              Tmut/Erth      Unusable     N/A         6    N/A
 Dragon Form              Tmut           Unusable     N/A         7    N/A

Dungeon Overview and Level Annotations

Branches:
Dungeon (15/15)            Temple (0/1) D:6            Lair (6/6) D:8
  Swamp (4/4) Lair:2        Snake (4/4) Lair:3        Slime (0/5) Lair:6
    Orc (2/2) D:11            Elf (3/3) Orc:2        Vaults (5/5) D:13
  Crypt (0/3) Vaults:2     Depths (5/5) D:15            Zot (5/5) Depths:5
Ossuary (visited)         Gauntlet (visited)

Altars:
Ashenzari
Cheibriados
Dithmenos
Elyvilon
Fedhas
Gozag
Nemelex Xobeh
Okawaru
Qazlal
Ru
Sif Muna
Trog
Vehumet
Wu Jian
Xom
Yredelemnul
Zin
The Shining One
Jiyva
Lugonu

Shops:
D:6 *   D:11 !   Orc:1 =   Orc:2 [?[=[=[:   Elf:2 ==}?   Elf:3 =   Snake:1 :
Snake:3 *?   Vaults:3 !   Vaults:4 *

Portals:
Hell: Depths:1 Depths:2 Depths:3 Depths:4 Depths:5
Abyss: Depths:3 Depths:4
Pandemonium: Depths:3
Ziggurat: Depths:3

Annotations:
Vaults:4 exclusion: crystal guardian
Depths:3 Aladinah's ghost, adept GnTm


Innate Abilities, Weirdness & Mutations

Your body is rotting away.
You thrive on raw meat.
You are immune to poison.
You have sharp fingernails.
You are carnivorous and can eat meat at any time.
Your flesh is cold resistant. (rC+)
You are immune to negative energy. (rN+++)
You do not regenerate when monsters are visible.
You are immune to unholy pain and torment.
You can survive without breathing.


Message History

Unknown command.
You're too confused to cast spells.
That item cannot be evoked!
You cannot drink potions in your current state!
Unknown command.
Press: ? - help, v - describe, . - travel, g - get item
Here: an ancient lich (almost destroyed)
A moth of wrath corpse.
The floor.
Unknown command.
You cannot drink potions in your current state!
You struggle against the net.
The ancient lich misses you.
The electric golem blinks!
You shred the net and break free!
You are no longer firmly anchored in space.
The ancient lich gestures wildly while chanting.
The ancient lich flickers and vanishes!
Deactivating autopickup; reactivate with Ctrl-A.
You're too confused!
You completely miss the orb of fire.
The orb of fire is severely damaged.
The electric golem crackles and sizzles.
You hear a loud "Zot"!
Something misses you.
A curse toe comes into view.
The orb of fire glows red.
The bolt of fire misses you.
The Killer Klown throws klown pie at you.
The klown pie hits you.
Plum!
You feel light-headed.
* * * LOW HITPOINT WARNING * * *
The green death gestures at you.
The bolt of poison hits something.
The bolt of poison misses you.
You cannot drink potions in your current state!
Unknown command.
You bump into the stone wall.
You feel less confused.
The Killer Klown blinks!
You hear some strange, mumbled words.
An iron shot appears from out of thin air!
The iron shot hits you!!!!
* * * LOW HITPOINT WARNING * * *
You hear a loud "Zot"!
You cannot drink potions in your current state!
Okay, then.
Really read
v - 2 scrolls of blinking {!r}?
Okay, then.
Unknown command.
You cannot drink potions in your current state!
Casting: Ozocubu's Refrigeration (safe; 1% risk of failure)
Confirm with . or Enter, or press ? or * to list all spells.
You feel a surge of power!
You blink.
Casting: Blink (safe; 10% risk of failure)
Confirm with . or Enter, or press ? or * to list all spells.
You feel a strong surge of power!
The heat is drained from your surroundings.
You resist.
You feel very cold. The monsters around you are frozen!
You kill the green death!
The Orb Guardian is almost dead.
The Killer Klown is almost dead.
The orb of fire resists.
The orb of fire is almost destroyed.
The orb of fire resists.
The orb of fire is heavily damaged.
The Killer Klown karate-kicks you with a +10 club of venom!
You die...

## ▓▓▓########)########▓▓ ######
.## #...............# ##...^.
).## ##.............## ##......
...## #.............# ##.......
....# ##...........## #...†....
...^# #...........# #.^....($
....# ##.......X...## #..)[....
....# #.............# #..)°....
....# ##........@p...## #°°).....
....###...............###..§[)...
...###...###########*.*###..^....
.÷##....## ##....##).....
......### ###...2D.)z☼z ▓▓▓▓▓▓#
#▓▓▓▓▓▓▓▓▓▓ ..▓▓▓▓ .....▓##
.......##


You could see 2 orbs of fire, a Killer Klown and an Orb Guardian.

Vanquished Creatures
  2 orbs of fire
  An ancient lich (Zot:5)
  2 Killer Klowns
  the Lernaean hydra (Swamp:4)
  Bai Suzhen (Vaults:2)
  2 curse toes
  Xtahua (Depths:5)
  Margery (Vaults:3)
  Vashnia (Snake:3)
  A caustic shrike (Depths:2)
  The ghost of kae the Wrestler, a veteran DrTm of Wu Jian (Depths:2)
  Nikola (Elf:1)
  11 golden dragons
  4 electric golems
  A lich (Depths:2)
  18 tentacled monstrosities
  Asterion (Snake:3)
  24 Orb Guardians (Zot:5)
  3 quicksilver dragons
  10 titans
  2 deep elf master archers (Elf:3)
  2 deep elf blademasters (Elf:3)
  7 sphinxes
  10 death cobs
  Donald (Elf:2)
  Agnes (Snake:1)
  12 tengu reavers
  10 storm dragons
  9 shadow dragons
  4 thorn hunters
  A draconian monk (Zot:5)
  6 nagarajas (Snake:4)
  Roxanne (Swamp:4)
  14 vault wardens
  5 draconian knights
  9 deep elf sorcerers
  4 iron dragons
  The ghost of Hamuuvek the Sharpshooter, an adept KoAM of Okawaru (Swamp:2)
  14 fire giants
  5 ghost moths
  Aizul (Snake:3)
  3 draconian scorchers
  15 frost giants
  5 deep elf elementalists
  2 draconian stormcallers
  3 draconian shifters
  Louise (Swamp:3)
  3 spriggan defenders
  3 entropy weavers
  7 draconian annihilators
  12 ironheart preservers
  8 war gargoyles
  24 very ugly things
  4 vampire knights
  35 stone giants
  6 deep elf demonologists
  A minotaur (Gauntlet)
  9 green draconians
  8 deep elf annihilators
  9 red draconians
  10 black draconians
  8 purple draconians
  11 white draconians
  13 yellow draconians
  10 deep elf death magi
  16 ettins
  A spark wasp (Depths:2)
  8 fire dragons
  A merfolk javelineer (Depths:4)
  Josephine (Orc:1)
  3 great orbs of eyes
  7 deep elf high priests
  22 yaktaur captains
  Harold (Orc:1)
  11 centaur warriors
  12 ice dragons
  36 vault guards
  28 hydras
  6 spriggan air magi
  15 naga warriors
  4 shambling mangroves
  A juggernaut simulacrum (Depths:3)
  8 rakshasas
  3 death knights
  Erica (Orc:1)
  A ghost crab (Swamp:3)
  10 alligators
  A catoblepas (Gauntlet)
  29 dancing weapons
  8 ogre magi
  10 anacondas
  12 deep troll shamans
  36 two-headed ogres
  7 tengu warriors
  A vampire mage (Vaults:2)
  8 death yaks
  A queen ant (D:13)
  21 naga sharpshooters
  14 hell knights
  5 shock serpents
  A thrashing horror (Abyss:3)
  Urug (Lair:3)
  7 spriggan berserkers
  6 deep troll earth magi
  38 deep elf knights
  Sonja (Lair:1)
  15 spriggans
  A skeletal warrior (Abyss:3)
  9 iron trolls
  3 shadow wraiths
  A spatial maelstrom (Abyss:3)
  4 spriggan druids
  A storm dragon skeleton (Vaults:4)
  2 salamander mystics (Snake:3)
  15 swamp dragons
  5 unseen horrors
  2 deep trolls (shapeshifter) (Vaults:5)
  A glowing orange brain (Depths:5)
  6 flayed ghosts
  28 deep trolls
  7 naga ritualists
  3 swamp dragons (shapeshifter)
  2 tengu zombies
  2 wizards
  An orb spider (Abyss:3)
  21 ironbrand convokers
  11 orc knights
  13 deep elf archers
  3 phantasmal warriors
  16 necromancers
  5 orc sorcerers
  2 oklob plants (Lair:4)
  79 deep elf magi
  The ghost of kae the Grappler, a novice DrTm of Wu Jian (D:7)
  3 wolf spiders
  3 cyclopes (Vaults:2)
  A salamander (shapeshifter) (Vaults:2)
  A fire giant zombie (Vaults:2)
  8 mana vipers
  11 salamanders
  A worldbinder (Gauntlet)
  A fire giant skeleton (Vaults:3)
  52 ugly things
  An elephant (shapeshifter) (Depths:1)
  A moth of wrath (shapeshifter) (Vaults:5)
  15 vault sentinels
  31 moths of wrath
  A rust devil (Depths:3)
  10 elephants
  3 frost giant skeletons
  23 naga magi
  29 black mambas
  27 spiny frogs
  2 gargoyles
  2 black mambas (shapeshifter)
  3 yaktaur zombies
  6 guardian serpents
  A smoke demon (Abyss:3)
  An orange demon (Depths:3)
  7 komodo dragons
  A komodo dragon (shapeshifter) (Depths:2)
  8 freezing wraiths
  A rime drake (Lair:6)
  2 efreet
  A tormentor (Depths:3)
  An ice devil (Depths:3)
  7 tengu conjurers
  54 yaktaurs
  A hellwing (Depths:3)
  A yaktaur skeleton (Vaults:3)
  A red devil (Depths:3)
  An ancient zyme (Abyss:3)
  3 meliai (D:14)
  A queen bee (shapeshifter) (Depths:2)
  12 trolls
  25 hornets
  11 tyrant leeches
  A troll (shapeshifter) (Vaults:4)
  2 large abominations
  Prince Ribbit (D:9)
  A meliai (shapeshifter) (Abyss:3)
  A snapping turtle (shapeshifter) (Vaults:3)
  6 raiju
  28 slime creatures
  22 blink frogs
  Grinder (D:6)
  9 bog bodies
  9 hippogriffs
  An ettin skeleton (Vaults:3)
  13 redbacks
  A stone giant simulacrum (Vaults:4)
  4 air elementals
  4 vampires
  A ynoxinul (Depths:3)
  5 shadows
  17 wyverns
  2 fire elementals
  A spriggan (shapeshifter) (Vaults:3)
  A tarantella (shapeshifter) (Vaults:4)
  3 basilisks
  A basilisk (shapeshifter) (Depths:2)
  A hog (shapeshifter) (Depths:3)
  2 water elementals
  10 wraiths
  2 fire bats (Abyss:3)
  38 yaks
  25 vampire mosquitoes
  A hungry ghost (D:9)
  A neqoxec (Abyss:3)
  A redback simulacrum (D:14)
  A yaktaur simulacrum (Vaults:2)
  Eustachio (D:6)
  12 swamp worms
  12 spatial vortices (Abyss:3)
  13 soldier ants (D:13)
  A swamp worm (shapeshifter) (D:13)
  3 wargs
  44 nagas
  2 acid dragons
  11 insubstantial wisps
  An acid dragon (shapeshifter) (Depths:2)
  A floating eye (Vaults:3)
  18 water moccasins
  57 orc warriors
  13 porcupines
  20 swamp drakes
  A hornet zombie (D:14)
  2 sky beasts
  2 human zombies
  3 ice beasts
  4 wolves (Lair:1)
  An ogre (shapeshifter) (Elf:3)
  26 ogres
  2 phantoms (D:11)
  A necrophage (D:13)
  15 boggarts
  An elf skeleton (Vaults:2)
  An eye of draining (D:12)
  17 centaurs
  14 crocodiles
  4 big kobolds
  2 elf zombies (Elf:1)
  19 bullfrogs
  4 human skeletons
  A glowing shapeshifter simulacrum (Vaults:3)
  3 earth elementals
  A gnoll sergeant (D:11)
  A small abomination (Abyss:3)
  5 scorpions
  A troll zombie (D:11)
  6 killer bees (D:11)
  7 howler monkeys
  14 wights
  4 electric eels
  7 crimson imps
  2 bullfrog zombies
  5 jellies
  3 quasits
  8 hounds
  26 orc priests
  14 orc wizards
  A bullfrog skeleton (D:9)
  3 human simulacra
  4 iguanas
  2 iron imps (Depths:3)
  2 hell rats
  A worker ant (shapeshifter) (D:14)
  23 worker ants
  2 lightning spires
  5 ogre zombies (D:11)
  A hound skeleton (D:9)
  2 mummies
  15 gnolls
  A worker ant zombie (D:10)
  2 howler monkey skeletons (D:8)
  9 adders
  2 river rats (D:8)
  7 shadow imps
  2 white imps (Depths:3)
  A spectral adder (D:7)
  An ufetubus (Depths:3)
  2 oozes
  An adder zombie (D:9)
  4 adder skeletons
  2 worms (D:2)
  8 dart slugs
  A worm (shapeshifter) (Vaults:3)
  3 leopard geckos
  93 orcs
  4 bats
  7 giant cockroaches
  5 goblins
  4 hobgoblins
  9 jackals
  5 quokkas
  2 ball pythons
  3 frilled lizards
  9 gnoll skeletons (Ossuary)
  2 goblin skeletons (D:11)
  A goblin zombie (D:11)
  2 hobgoblin skeletons (D:11)
  A hobgoblin zombie (D:11)
  A jackal zombie (D:7)
  22 kobolds
  11 kobold skeletons (Ossuary)
  A leopard gecko skeleton (D:4)
  9 orc skeletons
  9 orc zombies (D:11)
  A rat (shapeshifter) (Vaults:5)
  6 rats
  28 briar patches
  3 crawling corpses
  35 fungi
  57 plants
2543 creatures vanquished.

Vanquished Creatures (collateral kills)
  The ghost of kae the Zephyrmancer, a novice TeAE (D:5)
1 creature vanquished.

Vanquished Creatures (others)
  A fire giant (Vaults:3)
  A spiny frog (Swamp:3)
  A hornet (Depths:3)
  A centaur (Orc:2)
  A crawling corpse (Elf:3)
  8 fungi
  6 plants
  10 toadstools (Swamp:1)
29 creatures vanquished.

Grand Total: 2573 creatures vanquished

Notes
Turn   | Place    | Note
-------+----------+-------------------------------------------
     0 | D:1      | Amnesiac the Ghoul Ice Elementalist began the quest for the
                  | Orb.
     0 | D:1      | Reached XP level 1. HP: 14/14 MP: 2/2
   175 | D:3      | Reached XP level 2. HP: 11/22 MP: 0/3
   179 | D:3      | Learned a level 2 spell: Blink
   319 | D:3      | Found a stormy altar of Qazlal.
   873 | D:3      | Reached skill level 1 in Fighting
  1384 | D:1      | Reached XP level 3. HP: 27/27 MP: 0/5
  1393 | D:1      | Learned a level 3 spell: Frozen Ramparts
  1415 | D:1      | Reached skill level 5 in Ice Magic
  1898 | D:2      | Reached XP level 4. HP: 32/36 MP: 2/6
  2102 | D:2      | Found a shimmering altar of Xom.
  2339 | D:2      | Found a white marble altar of Elyvilon.
  2473 | D:2      | Found a blossoming altar of Fedhas.
  2769 | D:4      | Reached XP level 5. HP: 41/41 MP: 1/7
  2794 | D:4      | Noticed an ogre
  2850 | D:3      | Killed an ogre
  2850 | D:3      | Reached skill level 6 in Ice Magic
  2940 | D:4      | Reached XP level 6. HP: 50/50 MP: 5/9
  3195 | D:4      | Found a shattered altar of Ashenzari.
  3234 | D:4      | Found an ornate altar of the Wu Jian Council.
  3649 | D:5      | Entered Level 5 of the Dungeon
  3684 | D:5      | Noticed a sky beast
  3690 | D:5      | Killed a sky beast
  3690 | D:5      | Reached skill level 7 in Ice Magic
  3726 | D:5      | Reached XP level 7. HP: 55/57 MP: 7/10
  3994 | D:5      | Found a transporter.
  3995 | D:5      | Noticed kae's ghost (novice TeAE)
  3996 | D:5      | Found a transporter.
  4048 | D:5      | Found a sacrificial altar of Ru.
  4093 | D:5      | Found a sand-covered staircase.
  4102 | Ossuary  | Entered an ossuary
  4102 | Ossuary  | Noticed a wraith
  4102 | Ossuary  | Noticed a wraith
  4102 | Ossuary  | Noticed a wraith
  4155 | Ossuary  | Learned a level 4 spell: Summon Ice Beast
  4236 | Ossuary  | Identified a scroll of acquirement {!r}
  4236 | Ossuary  | Identified the +6 hunting sling of Hiecuep {vorpal, rPois
                  | rN+} (You acquired it in an ossuary)
  4237 | Ossuary  | Found the +0 staff of Battle {!a}
  4241 | Ossuary  | Learned a level 1 spell: Magic Dart
  4555 | Ossuary  | Noticed a wraith
  4891 | Ossuary  | Killed a wraith
  5207 | D:5      | Reached skill level 8 in Ice Magic
  5207 | D:5      | Reached XP level 8. HP: 44/66 MP: 6/12
  5478 | D:6      | Reached skill level 5 in Fighting
  5640 | D:6      | Found Giuntocu's Assorted Antiques.
  5657 | D:6      | Bought a bubbling green potion for 22 gold pieces
  5657 | D:6      | Bought a lumpy inky potion for 22 gold pieces
  5657 | D:6      | Bought a gilded ring for 125 gold pieces
  5691 | D:6      | Reached skill level 9 in Ice Magic
  5761 | D:6      | Found a glowing silver altar of Zin.
  5761 | D:6      | Found an opulent altar of Gozag.
  6026 | D:6      | Noticed Grinder
  6035 | D:6      | Killed Grinder
  6035 | D:6      | Reached XP level 9. HP: 62/75 MP: 7/15
  6060 | D:6      | Reached skill level 5 in Spellcasting
  6162 | D:6      | Found a radiant altar of Vehumet.
  6199 | D:6      | Found a glowing golden altar of the Shining One.
  6328 | D:6      | Found a staircase to the Ecumenical Temple.
  6331 | D:6      | Noticed Eustachio
  6336 | D:6      | Killed Eustachio
  6336 | D:6      | Reached skill level 10 in Ice Magic
  6442 | D:5      | Killed kae's ghost
  6528 | D:6      | Became a worshipper of Vehumet
  6706 | D:7      | Found a shimmering blue altar of Sif Muna.
  6734 | D:7      | Found a transporter.
  6807 | D:7      | Found a transporter.
  6808 | D:7      | Noticed kae's ghost (novice DrTm)
  6850 | D:7      | Reached * piety under Vehumet
  6850 | D:7      | Offered knowledge of Sandblast by Vehumet.
  6870 | D:7      | Reached skill level 11 in Ice Magic
  7003 | D:7      | Found a shadowy altar of Dithmenos.
  7232 | D:7      | Killed kae's ghost
  7232 | D:7      | Reached XP level 10. HP: 62/85 MP: 0/18
  7776 | D:8      | Noticed a death yak
  7788 | D:8      | Noticed a death yak
  7788 | D:8      | Killed a death yak
  7788 | D:8      | Reached skill level 12 in Ice Magic
  7792 | D:8      | Offered knowledge of Shock by Vehumet.
  7806 | D:8      | Reached ** piety under Vehumet
  7811 | D:8      | Noticed a death yak
  7824 | D:8      | Killed a death yak
  7849 | D:8      | Killed a death yak
  7891 | D:8      | Found a staircase to the Lair.
  7951 | D:8      | Noticed a two-headed ogre
  7961 | D:8      | Killed a two-headed ogre
  7961 | D:8      | Reached skill level 13 in Ice Magic
  7961 | D:8      | Reached XP level 11. HP: 96/96 MP: 16/20
  8440 | D:9      | Offered knowledge of Stone Arrow by Vehumet.
  8606 | D:9      | Noticed Prince Ribbit
  8621 | D:9      | Killed Prince Ribbit
  8621 | D:9      | Reached skill level 1 in Shields
  8766 | D:10     | Entered Level 10 of the Dungeon
  8783 | D:10     | Reached *** piety under Vehumet
  8833 | D:10     | Got an ivory falchion
  9018 | D:10     | Offered knowledge of Fulminant Prism by Vehumet.
  9154 | D:10     | Noticed a two-headed ogre
  9165 | D:10     | Killed a two-headed ogre
  9409 | D:11     | Found a staircase to the Orcish Mines.
  9591 | D:11     | Reached **** piety under Vehumet
  9644 | D:11     | Noticed a cyan ugly thing
  9655 | D:11     | Killed a cyan ugly thing
  9655 | D:11     | Killed an unseen horror
  9659 | D:11     | Killed an unseen horror
  9659 | D:11     | Offered knowledge of Airstrike by Vehumet.
  9663 | D:11     | Found Fish's Distillery.
  9681 | D:11     | Reached skill level 14 in Ice Magic
  9757 | D:11     | Noticed a cyan ugly thing
  9871 | D:10     | Reached XP level 12. HP: 67/106 MP: 5/22
 10350 | D:11     | Reached skill level 10 in Fighting
 10391 | Orc:1    | Entered Level 1 of the Orcish Mines
 10391 | Orc:1    | Noticed Erica
 10417 | Orc:1    | Killed Erica
 10545 | Orc:1    | Found Kooshrom's Jewellery Shoppe.
 10608 | Orc:1    | Noticed Harold
 10630 | Orc:1    | Killed Harold
 10946 | Orc:1    | Noticed Josephine
 10973 | Orc:1    | Killed Josephine
 11186 | Orc:1    | Learned a level 3 spell: Ozocubu's Armour
 11191 | Orc:1    | Learned a level 4 spell: Hailstorm
 11192 | Orc:2    | Entered Level 2 of the Orcish Mines
 11194 | Orc:2    | Reached ***** piety under Vehumet
 11200 | Orc:2    | Offered knowledge of Conjure Ball Lightning by Vehumet.
 11211 | Orc:2    | Found Kysew's Antique Armour Shoppe.
 11211 | Orc:2    | Found Zoajuvia's Magic Scroll Shop.
 11240 | Orc:2    | Reached skill level 15 in Ice Magic
 11990 | Orc:2    | Reached skill level 5 in Dodging
 12527 | Orc:2    | Reached XP level 13. HP: 99/113 MP: 5/25
 12685 | Orc:2    | Found a staircase to the Elven Halls.
 12695 | Orc:2    | Found Jinizef's Book Shop.
 12716 | Orc:2    | Found Sohyrch's Antique Armour Boutique.
 12881 | Orc:2    | Offered knowledge of Iskenderun's Mystic Blast by Vehumet.
 12894 | Orc:2    | Learned a level 4 spell: Iskenderun's Mystic Blast
 12898 | Orc:2    | Learned a level 3 spell: Mephitic Cloud
 13002 | Orc:2    | Found Nujubo Xuaz's Armour Boutique.
 13002 | Orc:2    | Found Ocilem's Jewellery Shoppe.
 13004 | Orc:2    | Found Qudghih's Antique Armour Emporium.
 13006 | Orc:2    | Found Laikkustu's Jewellery Shop.
 13308 | Orc:2    | Bought a scroll of acquirement for 728 gold pieces
 13359 | D:11     | Identified the +5 kite shield of Hedonism {rCorr Str+4
                  | Dex+2} (You acquired it on level 11 of the Dungeon)
 13359 | D:11     | Identified the ring "Cammary" {rCorr Int+4 Slay+2} (You
                  | acquired it on level 11 of the Dungeon)
 13403 | Orc:2    | Bought a +1 cloak of magic resistance for 181 gold pieces
 13456 | Orc:2    | Bought a pitted scale mail for 333 gold pieces
 13456 | Orc:2    | Bought a runed scarf for 296 gold pieces
 13456 | Orc:2    | Bought a runed robe for 136 gold pieces
 13466 | Orc:2    | Identified the +5 scale mail of the Beggar {rElec rC++
                  | Int+2 Stlth+} (You bought it in a shop on level 2 of the
                  | Orcish Mines)
 13478 | Orc:2    | Identified the cursed +0 falchion of Bodily Harmony
                  | {antimagic, MR+} (You found it on level 10 of the Dungeon)
 13531 | Orc:2    | Bought a +1 helmet for 126 gold pieces
 13969 | D:12     | Reached skill level 16 in Ice Magic
 14475 | D:13     | Found a snail-covered altar of Cheibriados.
 14575 | D:13     | Noticed an entropy weaver
 14600 | D:13     | Killed an entropy weaver
 14622 | D:13     | Noticed an entropy weaver
 14630 | D:13     | Killed an entropy weaver
 15058 | D:13     | Found a gate to the Vaults.
 15269 | D:13     | Reached skill level 17 in Ice Magic
 15502 | D:14     | Reached skill level 10 in Spellcasting
 15504 | D:14     | Offered knowledge of Ozocubu's Refrigeration by Vehumet.
 15787 | D:14     | Found a gate leading to a gauntlet.
 15795 | Gauntlet | Entered a Gauntlet
 15795 | Gauntlet | Found a transporter.
 15795 | Gauntlet | Found a transporter.
 15799 | Gauntlet | Found a transporter.
 15815 | Gauntlet | Found a transporter.
 15816 | Gauntlet | Found a transporter.
 15816 | Gauntlet | Found a transporter.
 15822 | Gauntlet | Found a transporter.
 15839 | Gauntlet | Found a transporter.
 15839 | Gauntlet | Found a transporter.
 15870 | Gauntlet | Found a transporter.
 15882 | Gauntlet | Found a transporter.
 15929 | Gauntlet | Found a transporter.
 15943 | Gauntlet | Found a transporter.
 16028 | Gauntlet | Found a transporter.
 16043 | Gauntlet | Found a transporter.
 16059 | Gauntlet | Found a transporter.
 16278 | Gauntlet | Reached XP level 14. HP: 118/120 MP: 25/27
 16353 | Gauntlet | Got a steaming iron ring
 16374 | Gauntlet | Identified the ring "Uklol" {MP+9 SInv} (You found it in a
                  | Gauntlet)
 16438 | Gauntlet | Learned a level 6 spell: Ozocubu's Refrigeration
 16454 | Gauntlet | Identified the +12 dire flail of Uncertain Death {vorpal,
                  | Str+4 Int-5 Dex+4}
 16716 | D:14     | Reached skill level 18 in Ice Magic
 16972 | D:14     | Found an iron altar of Okawaru.
 17163 | D:15     | Entered Level 15 of the Dungeon
 18032 | Lair:1   | Entered Level 1 of the Lair of Beasts
 18183 | Lair:1   | Noticed Sonja
 18185 | Lair:1   | Killed Sonja
 18844 | Lair:2   | Reached ****** piety under Vehumet
 18904 | Lair:2   | Reached skill level 19 in Ice Magic
 19175 | Lair:2   | Got a pair of slimy gloves
 19376 | Lair:2   | Found a staircase to the Swamp.
 19617 | Lair:3   | Found a glowing silver altar of Zin.
 19619 | Lair:3   | Offered knowledge of Lee's Rapid Deconstruction by Vehumet.
 19619 | Lair:3   | Reached XP level 15. HP: 123/126 MP: 25/29
 19690 | Lair:3   | Found a sparkling altar of Nemelex Xobeh.
 19780 | Lair:3   | Found a staircase to the Snake Pit.
 19832 | Lair:3   | Noticed Urug
 19848 | Lair:3   | Killed Urug
 20424 | Lair:4   | Identified the +1 pair of gloves "Duexukh" {+Blink Str+6
                  | Dex-4 Stlth+} (You found it on level 2 of the Lair of
                  | Beasts)
 20684 | Lair:4   | Reached skill level 20 in Ice Magic
 21528 | Lair:5   | You fall into a shaft and drop 1 floor!
 21528 | Lair:6   | Entered Level 6 of the Lair of Beasts
 21685 | Lair:6   | Offered knowledge of Starburst by Vehumet.
 21737 | Lair:6   | Found a runed translucent door.
 21745 | Lair:6   | Found a viscous altar of Jiyva.
 21746 | Lair:6   | Found a staircase to the Slime Pits.
 22305 | Lair:6   | Reached skill level 21 in Ice Magic
 22428 | Lair:6   | Reached XP level 16. HP: 134/134 MP: 23/31
 22797 | Lair:5   | You fall into a shaft and drop 1 floor!
 23357 | Elf:1    | Entered Level 1 of the Elven Halls
 23431 | Elf:1    | Found a radiant altar of Vehumet.
 23775 | Elf:1    | Noticed Nikola
 23802 | Elf:1    | Killed Nikola
 24093 | Elf:1    | Found a portal to a secret trove of treasure.
 24178 | Elf:1    | Reached skill level 22 in Ice Magic
 24416 | Elf:1    | Got a brightly glowing cloak
 24527 | Elf:1    | Offered knowledge of Starburst by Vehumet.
 24541 | Elf:1    | Identified the Collected Works on Black Arts
 24809 | Elf:2    | Paralysed by an orc sorcerer for 4 turns
 25041 | Elf:2    | Identified the +4 cloak of Dramatic Exits {rElec MP+9
                  | Dex+4} (You found it on level 1 of the Elven Halls)
 25112 | Elf:2    | Reached XP level 17. HP: 132/140 MP: 28/33
 25118 | Elf:2    | Found a runed translucent gate.
 25118 | Elf:2    | Found a runed translucent gate.
 25125 | Elf:2    | Found a runed translucent gate.
 25187 | Elf:2    | Found Wor Usul's Gadget Shop.
 25188 | Elf:2    | Found Ibbuiva's Jewellery Shoppe.
 25188 | Elf:2    | Found Allusser's Jewellery Shoppe.
 25280 | Elf:3    | Identified a paperback manual
 25280 | Elf:3    | Entered Level 3 of the Elven Halls
 25497 | Elf:2    | Found Zuagyink's Magic Scroll Emporium.
 25511 | Elf:2    | Identified the +7 chain mail of Peowk {rPois rC+ Int+2}
 26405 | Elf:2    | Reached skill level 23 in Ice Magic
 27265 | Swamp:1  | Entered Level 1 of the Swamp
 27299 | Swamp:1  | Reached skill level 1 in Evocations
 27301 | Swamp:1  | Offered knowledge of Starburst by Vehumet.
 28355 | Swamp:2  | Found a transporter.
 28386 | Swamp:2  | Found a transporter.
 28465 | Swamp:2  | Found a runed translucent door.
 28468 | Swamp:2  | Noticed Hamuuvek's ghost (adept KoAM)
 28476 | Swamp:2  | Killed Hamuuvek's ghost
 29145 | Swamp:2  | Got a jewelled helmet
 29147 | Swamp:2  | Identified the +0 helmet of Zin's Castigation {rPois rC-
                  | rN+ Dex+3} (You found it on level 2 of the Swamp)
 29186 | Swamp:3  | Reached skill level 1 in Staves
 29235 | Swamp:3  | Reached XP level 18. HP: 139/151 MP: 16/35
 29238 | Swamp:3  | Noticed Louise
 29241 | Swamp:3  | Killed Louise
 29796 | Swamp:3  | Reached skill level 5 in Staves
 29956 | Swamp:3  | Got a transparent arbalest
 29984 | Swamp:3  | Identified the +6 arbalest of Qeluo {flame, +Blink rF+}
                  | (You found it on level 3 of the Swamp)
 30378 | Swamp:4  | Entered Level 4 of the Swamp
 30911 | Swamp:4  | Identified Roxanne's Compendium of Transformation
 30911 | Swamp:4  | Noticed Roxanne
 31400 | Swamp:4  | Noticed the 27-headed Lernaean hydra
 31405 | Swamp:4  | Killed the 27-headed Lernaean hydra
 31564 | Swamp:4  | Got a decaying rune of Zot
 32025 | Swamp:4  | Killed Roxanne
 32040 | Swamp:4  | Learned a level 2 spell: Passwall
 32265 | Snake:1  | Entered Level 1 of the Snake Pit
 32270 | Snake:1  | Noticed Agnes
 32276 | Snake:1  | Killed Agnes
 32351 | Snake:1  | Offered knowledge of Lehudib's Crystal Spear by Vehumet.
 32351 | Snake:1  | Offered knowledge of Fire Storm by Vehumet.
 32351 | Snake:1  | Offered knowledge of Ignition by Vehumet.
 32441 | Snake:1  | Found Cosetson's Book Emporium.
 32750 | Snake:1  | Reached skill level 10 in Staves
 33411 | Snake:2  | Reached XP level 19. HP: 152/158 MP: 36/36
 34071 | Snake:3  | Found Ikluk's Magic Scroll Boutique.
 34071 | Snake:3  | Found Werphyfech's Assorted Antiques.
 34075 | Snake:3  | Noticed Asterion
 34078 | Snake:3  | Noticed Aizul
 34079 | Snake:3  | Killed Asterion
 34082 | Snake:3  | Killed Aizul
 34245 | Snake:3  | Found a basalt altar of Yredelemnul.
 34253 | Snake:3  | Noticed Vashnia
 34256 | Snake:3  | Reached skill level 5 in Shields
 34257 | Snake:3  | Killed Vashnia
 34260 | Snake:3  | Identified the +8 spear of Courage {vorpal, rF+ Dex+5}
 34855 | Snake:4  | Entered Level 4 of the Snake Pit
 35089 | Snake:4  | Got a serpentine rune of Zot
 35217 | Snake:4  | Reached skill level 10 in Shields
 35217 | Snake:4  | Reached XP level 20. HP: 166/166 MP: 37/37
 35727 | Snake:4  | Found a bloodstained altar of Trog.
 35963 | Snake:4  | Identified the Collected Works on Unholy Feathers (You
                  | acquired it on level 4 of the Snake Pit)
 35964 | Snake:4  | Found the +10 tower shield of Ignorance {rN+ Int-4}
 36367 | Elf:3    | Found Imniew's Jewellery Shop.
 37016 | Elf:3    | Cast into level 2 of the Abyss (a deep elf sorcerer)
 37016 | Abyss:2  | Found a corrupted altar of Lugonu.
 37045 | Elf:3    | Escaped the Abyss
 37107 | Elf:3    | Cast into level 2 of the Abyss (a deep elf sorcerer)
 37155 | Elf:3    | Escaped the Abyss
 37687 | Elf:3    | Noticed a Tzitzimitl
 37689 | Elf:3    | Identified the +3 long sword of Overwhelming Force {pain,
                  | Int+3}
 37767 | Elf:3    | Identified the cursed +0 ring mail of Noughts and Crosses
                  | {rPois rC- MP+9 Int+5}
 37772 | Elf:3    | Identified the +2 hand axe of Purpose {flame, rPois rC-
                  | Int+2}
 37778 | Elf:3    | Identified the +8 spear of Midwinter {holy, +Inv rPois
                  | rC+++ Str-2}
 38213 | Elf:3    | Found the +8 longbow "Zephyr" {speed, Dex+3 SInv}
 38272 | Elf:3    | Got an ivory hunting sling
 38273 | Elf:3    | Identified the +7 hunting sling of Tender Mercy {venom,
                  | rPois rN+ MP+9} (You found it on level 3 of the Elven
                  | Halls)
 38282 | Elf:3    | Identified the Catalogue of Poison and the Voyage
 38287 | Elf:3    | Identified Wydip's Volume of Moulding and Damage Dealing
 38291 | Elf:3    | Identified the Compendium of Weightlessness
 38295 | Elf:3    | Got a translucent scale mail
 38306 | Elf:3    | Identified the +0 scale mail of the Morning Star {rPois}
                  | (You found it on level 3 of the Elven Halls)
 38586 | Elf:2    | Reached XP level 21. HP: 138/169 MP: 7/38
 38591 | Elf:2    | Noticed Donald
 38637 | Elf:2    | Killed Donald
 38947 | Vaults:1 | Entered Level 1 of the Vaults
 39598 | Vaults:1 | Reached skill level 15 in Shields
 40497 | Vaults:2 | Noticed Bai Suzhen
 40513 | Vaults:2 | Killed Bai Suzhen
 40604 | Vaults:2 | Found a staircase to the Crypt.
 41493 | Vaults:3 | Reached skill level 15 in Fighting
 41498 | Vaults:3 | Reached XP level 22. HP: 181/192 MP: 32/39
 41512 | Vaults:3 | Reached skill level 10 in Dodging
 41525 | Vaults:3 | Paralysed by a sphinx for 3 turns
 41603 | Vaults:3 | Got a crude hand axe
 41897 | Vaults:3 | Found Vatoufat's Distillery.
 41905 | Vaults:3 | Bought 2 potions of heal wounds for 140 gold pieces
 41905 | Vaults:3 | Bought a potion of heal wounds for 70 gold pieces
 41949 | Vaults:3 | Noticed Margery
 41960 | Vaults:3 | Killed Margery
 43062 | Vaults:4 | Found Pyaph's General Store.
 43585 | Vaults:4 | Reached XP level 23. HP: 199/199 MP: 37/40
 44119 | Vaults:5 | Entered Level 5 of the Vaults
 44121 | Vaults:5 | Reached skill level 15 in Dodging
 44327 | Vaults:5 | Identified the +5 great mace "Xisahyoq" {flame, Str+2}
 44714 | Vaults:5 | Got a smoking cloak
 44715 | Vaults:5 | Identified the +2 cloak of the Queen {*Drain MR+ Slay+2}
                  | (You found it on level 5 of the Vaults)
 44948 | Vaults:5 | Reached skill level 24 in Ice Magic
 45098 | Vaults:5 | Got a bloodstained trident
 45177 | Vaults:5 | Reached XP level 24. HP: 105/211 MP: 26/40
 45858 | Vaults:5 | Got a silver rune of Zot
 45901 | Vaults:5 | Reached skill level 25 in Ice Magic
 46565 | Elf:1    | You paid a toll of +3 storm dragon scales to enter a
                  | treasure trove
 46566 | Trove    | Entered a treasure trove
 46889 | D:15     | Found a staircase to the Depths.
 46933 | Depths:1 | Entered Level 1 of the Depths
 46986 | Depths:1 | Found a gateway to Hell.
 48556 | Depths:2 | Cast into level 3 of the Abyss (a lich)
 48879 | Abyss:3  | Got an abyssal rune of Zot
 48912 | Depths:2 | Escaped the Abyss
 48949 | Depths:2 | Paralysed by a vampire knight for 5 turns
 48990 | Depths:2 | Reached skill level 26 in Ice Magic
 49030 | Depths:2 | Reached XP level 25. HP: 105/223 MP: 3/40
 50171 | Depths:2 | Identified the Grimoire of Venomous Moulding
 50295 | Depths:2 | Found a runed translucent gate.
 50296 | Depths:2 | Found a runed translucent gate.
 50297 | Depths:2 | Found a runed translucent gate.
 50298 | Depths:2 | Noticed kae's ghost (veteran DrTm)
 50699 | Depths:2 | Killed kae's ghost
 50743 | Depths:2 | Got a pair of faintly humming gloves
 50754 | Depths:2 | Identified the cursed -6 pair of gloves "Niesk" {rC++} (You
                  | found it on level 2 of the Depths)
 51606 | Depths:3 | Noticed Aladinah's ghost (adept GnTm)
 51663 | Depths:3 | Reached skill level 27 in Ice Magic
 51819 | Depths:3 | Found a transporter.
 51824 | Depths:3 | Found a transporter.
 51827 | Depths:3 | Found a gateway to a ziggurat.
 51839 | Depths:3 | Reached skill level 1 in Short Blades
 51847 | Depths:3 | Reached skill level 5 in Evocations
 51950 | Depths:3 | Found a one-way gate leading to the halls of Pandemonium.
 52422 | Depths:3 | Found a corrupted altar of Lugonu.
 52422 | Depths:3 | Found a one-way gate to the infinite horrors of the Abyss.
 52596 | Depths:3 | Identified the ring "Ruyd" {+Fly rF+ MR++ Dex-4} (You
                  | acquired it on level 3 of the Depths)
 52620 | Depths:4 | Found the +3 robe of Folly {Archmagi, MR-- Int+5}
 52634 | Depths:4 | Reached skill level 5 in Short Blades
 52686 | Depths:4 | Reached XP level 26. HP: 138/236 MP: 13/40
 52741 | Depths:4 | Identified the amulet "Xasimpa" {Harm *Drain Int+3}
 53183 | Depths:5 | Entered Level 5 of the Depths
 53231 | Depths:5 | Identified Sif Muna's Disquisition on Lucky Transmutation
 53346 | Depths:5 | Reached skill level 10 in Evocations
 53606 | Depths:5 | Noticed Xtahua
 53612 | Depths:5 | Killed Xtahua
 54028 | Depths:5 | Reached skill level 1 in Armour
 54060 | Depths:5 | Found a gate to the Realm of Zot.
 54224 | Zot:1    | Entered Level 1 of the Realm of Zot
 54368 | Zot:1    | Reached skill level 5 in Armour
 54427 | Zot:1    | You fall into a shaft and drop 1 floor!
 54576 | Zot:1    | Reached XP level 27. HP: 166/243 MP: 1/40
 54802 | Zot:1    | Reached skill level 10 in Armour
 56034 | Zot:2    | Noticed an orb of fire
 56050 | Zot:2    | Killed an orb of fire
 58156 | Zot:5    | Entered Level 5 of the Realm of Zot
 58622 | Zot:5    | Noticed an ancient lich
 58626 | Zot:5    | Noticed an orb of fire
 58644 | Zot:5    | Killed an ancient lich
 58733 | Zot:5    | Noticed an orb of fire
 58794 | Zot:5    | Killed an orb of fire
 59026 | Zot:5    | Got the Orb of Zot
 59029 | Zot:5    | Noticed an ancient lich
 59038 | Zot:5    | Noticed an ancient lich
 59040 | Zot:5    | Noticed an orb of fire
 59063 | Zot:5    | HP: 7/268 [something/iron shot (93)]
 59066 | Zot:5    | Mangled by a Killer Klown

Levels and vault maps discovered:
D:1:      mrwooster_arrival_statue, layout_basic, hex_large
D:2:      layout_loops_ring, lemuel_coloured_pillars_altar, tgw_xom,
          elyvilon_altar_4
D:3:      layout_basic, nicolae_qazlal_general_emergency
D:4:      layout_cave_pods, lemuel_crystal_altar, kennysheep_mini, serial_park,
          serial_park_gazebo [serial_park_minivault_5x5_8], serial_park_tiny_1,
          first_ration
D:5:      layout_gridville, nicolae_ossuary_entry_monument,
          gammafunk_ghost_smash, nicolae_ru_the_path_less_chosen
D:6:      layout_basic, grunt_temple_overflow_gold_and_silver,
          vehumet_altar_wand_db, lemuel_crystal_altar, temple_green,
          serial_shops, nicolae_shop_overgrown_old_shop, minmay_hedge_maze,
          uniq_grinder, uniq_eustachio
D:7:      layout_rooms, overflow_temple_1_default,
          nicolae_overflow_crystal_walls, gammafunk_ghost_mausoleum
D:8:      layout_loops_cross, dpeg_lair_monsters
D:9:      layout_roguey, uniq_prince_ribbit1
D:10:     layout_long_grid, grunt_ogre_cave
D:11:     layout_cave_pools, zombieorc1_lemuel, serial_shops,
          nicolae_shop_behind_doors, minmay_misc_feat_plants
D:12:     layout_loops_ring, evilmike_butchery
D:13:     layout_basic, david_vaults_1, basic_altar, special_room
          [special_room_orc], minmay_another_anthill
D:14:     layout_gridville, kennysheep_path_1, gauntlet_entry_generic,
          drop_trap, kennysheep_small_circle
D:15:     grunt_enter_depths_hoard, layout_loops_cross
Lair:1:   layout_misc_corridors, uniq_sonja
Lair:2:   layout_misc_corridors, nicolae_swamp_entry_splash_gauntlet,
          st_stairs_12, nicolae_quartered_pool_little, grunt_megastairs_3
Lair:3:   layout_chaotic_city, guppyfry_snake_entry_garden, basic_altar,
          minivault_27, lemuel_centaur_altar, uniq_urug
Lair:4:   layout_gridlike, beast_lair_carwin_8, serial_bayou_shore_b,
          infiniplex_staircase_pool, lemuel_fruit_tree, grunt_megastairs_4,
          minmay_lair_oklob_chamber
Lair:5:   layout_regular_city
Lair:6:   hangedman_lair_tendril_chambers, layout_regular_city, slime_altar_2,
          infiniplex_staircase_pool_2
Swamp:1:  cheibrodos_swamp_tower_of_moss, layout_falls_marsh,
          hangedman_swamp_ruin_hall
Swamp:2:  gammafunk_the_bubble [the_bubble_gammafunk_crates],
          layout_basic_swamp, ebering_ghost_inner_flame,
          evilmike_swamp_ruin_house_5, swamp_pool1
Swamp:3:  layout_falls_marsh, evilmike_swamp_ruin_house_1, st_swamp_ruins_2,
          uniq_louise
Swamp:4:  swamp_old_school, layout_basic_swamp, uniq_roxanne
Snake:1:  layout_chambers, serial_shops, shop, uniq_agnes
Snake:2:  layout_layer_cave
Snake:3:  layout_grid_shapes, basic_altar, minmay_shoptagon,
          serial_bayou_shore_b, uniq_vashnia, uniq_asterion, uniq_aizul
Snake:4:  snake_pit, layout_chambers, basic_altar
Orc:1:    layout_caves, minmay_shop_enchanted_jewellery, uniq_erica,
          uniq_josephine, uniq_harold
Orc:2:    st_orc_rangers, layout_diamond_mine, serial_shops,
          nicolae_shop_statue_plus, shop, shop, shop_fountains
Elf:1:    eino_elf_arrival_altar, layout_loops_cross, enter_trove_1,
          minmay_elf_necromancy, hangedman_glass_teeth, uniq_nikola
Elf:2:    layout_loops_cross, serial_shops, shop, minmay_shop_grove, uniq_donald
Elf:3:    minmay_elf_hall_curves, layout_loops_ring, serial_shops, shop,
          grunt_ministairs_12
Vaults:1: v_misc_18, v_pattern_3, nicolae_vaults_gold_heap, v_misc_15,
          ontoclasm_vaults_twist, nicolae_vaults_little_squares_5,
          layout_vaults_omnigrid
Vaults:2: minmay_crypt_entry_vampire_xt, hangedman_vaults_river_flow,
          grunt_vaults_bifocal, v_pattern_2, nicolae_vaults_little_squares_1,
          hangedman_vaults_trim, v_misc_5, v_alt_pattern_1, grunt_vaults_funnel,
          ontoclasm_vaults_misaligned, hangedman_vaults_impose,
          hangedman_vaults_slice, st_smaller_cells, ontoclasm_vaults_pinch,
          nicolae_vaults_rhombus_5, nicolae_vaults_little_squares_3,
          layout_vaults_omnibox, uniq_bai_suzhen
Vaults:3: v_misc_32, st_greater_box_1, vaults_room_fours,
          ontoclasm_vaults_shuriken, vaults_room_fours, v_misc_25,
          layout_vaults_big_room, serial_shops, nicolae_shop_crystal,
          uniq_margery
Vaults:4: nicolae_vaults_sealed_display, nicolae_vaults_windows_and_doors_thing,
          nicolae_vaults_little_squares_2, vaults_mumra_hexcomb,
          nicolae_vaults_little_squares_1, ontoclasm_vaults_ring_small,
          nicolae_vaults_puzzle_piece, v_misc_17, grunt_vaults_diagonal,
          nicolae_vaults_quartermaster, vaults_dpeg_ring, hangedman_vaults_trim,
          hangedman_vaults_slice, vaults_room_pool, layout_vaults_ring,
          serial_shops, shop
Vaults:5
Depths:1: layout_roguey, hell_entry, minmay_misc_feat_four_crosses,
          lemuel_another_geyser
Depths:2: minmay_the_grid_square_5x5_5x5 [minmay_the_grid_square_5x5_comb,
          minmay_the_grid_square_5x5_hourglass,
          minmay_the_grid_square_5x5_six_small,
          minmay_the_grid_square_5x5_minimal,
          minmay_the_grid_square_5x5_percent,
          minmay_the_grid_square_5x5_broken_cross,
          minmay_the_grid_square_5x5_prize_gold,
          minmay_the_grid_square_5x5_dogpile,
          minmay_the_grid_square_5x5_prize_pseudospiral,
          minmay_the_grid_square_5x5_fat_x, minmay_the_grid_square_5x5_shrine2,
          minmay_the_grid_square_5x5_slash,
          minmay_the_grid_square_5x5_prize_monsterx,
          minmay_the_grid_square_5x5_two, minmay_the_grid_square_5x5_c,
          minmay_the_grid_square_5x5_one_wall,
          minmay_the_grid_square_5x5_prize_itemx,
          minmay_the_grid_square_5x5_almost_minimal,
          minmay_the_grid_square_5x5_prize_waves,
          minmay_the_grid_square_5x5_minivault,
          minmay_the_grid_square_5x5_three, minmay_the_grid_square_5x5_moneybag,
          minmay_the_grid_square_5x5_checkered_statues,
          minmay_the_grid_square_5x5_doubleslash,
          minmay_the_grid_square_5x5_gyroscope], layout_gridlike, hell_entry,
          serial_sigils, serial_sigils_hangedman_snap,
          serial_sigils_hangedman_gnaw, serial_sigils_hangedman_writhe,
          serial_sigils_hangedman_quiver, serial_sigils_hangedman_gut,
          gammafunk_ghost_tricky_traps
Depths:3: lemuel_firewalk_3, layout_cave_pools, enter_ziggurat_d,
          abyss_entry_flame_altar, hangedman_decor_slide_cut,
          gammafunk_ghost_mausoleum, grunt_hell_entry_dis_grunt,
          grunt_pan_entry_zigzag, infiniplex_staircase_zigzag_1,
          serial_bayou_shore_b
Depths:4: minmay_angry_zag, layout_cave_shapes, abyss_entry,
          serial_bayou_ford_a, hell_entry, roderic_roman_lattice,
          kennysheep_potato
Depths:5: evilmike_zot_entry_round, layout_cave_shapes, hell_entry,
          minmay_strange_pillars, hangedman_decor_riveting, grunt_megastairs_2,
          uniq_xtahua
Zot:1:    lemuel_halls_of_wrath, layout_basic, hangedman_zot_decor_slant
Zot:2:    layout_misc_corridors
Zot:3:    layout_gridlike, amethyst_zot_foddershock
Zot:4:    layout_onion_interference
Zot:5:    layout_concentric_octagons

Skill      XL: |  1  2  3  4  5  6  7  8  9 10 11 12 13 14 15 16 17 18 19 20 21 22 23 24 25 26 27 |
---------------+----------------------------------------------------------------------------------+-----
Spellcasting   | 2 3 4 6 7 9 10 11 12 13 14 | 14.0
Fighting       | 1 2 3 4 5 7 9 10 11 15 16 17 19 25 | 25.8
Ice Magic      | 5 6 7 8 9 11 13 14 15 17 19 21 22 23 24 26 27 | 27.0
Shields        | 4 10 14 15 | 15.0
Dodging        | 3 5 6 7 9 14 15 | 15.0
Evocations     | 4 7 13 | 13.0
Staves         | 2 10 12 | 12.0
Stealth        | 4 |  4.0
Short Blades   | 5 8 |  8.0
Armour         | 8 11 | 11.0

Action                   |  1- 3 |  4- 6 |  7- 9 | 10-12 | 13-15 | 16-18 | 19-21 | 22-24 | 25-27 || total
-------------------------+-------+-------+-------+-------+-------+-------+-------+-------+-------++-------
Melee: Unarmed           |     7 |       |       |       |       |       |       |       |       ||     7
       Mace              |     5 |       |       |       |       |       |       |       |       ||     5
       Staff             |       |       |     1 |       |     3 |     9 |   434 |   406 |   625 ||  1478
       Scimitar          |       |       |       |       |       |    17 |    61 |   541 |   102 ||   721
       Quick blade       |       |       |       |       |       |       |       |       |   508 ||   508
 Fire: Hunting sling     |    69 |   117 |    68 |    11 |       |       |       |       |       ||   265
Throw: Stone             |       |       |     2 |       |       |       |       |       |       ||     2
 Cast: Freeze            |    29 |     7 |    55 |   103 |   147 |   231 |    25 |       |       ||   597
       Frozen Ramparts   |       |     9 |    14 |    36 |    47 |     5 |       |       |       ||   111
       Magic Dart        |       |       |   122 |   541 |   555 |   309 |    42 |    28 |       ||  1597
       Summon Ice Beast  |       |       |     2 |       |       |     6 |     2 |       |       ||    10
       Hailstorm         |       |       |       |     3 |       |       |       |       |       ||     3
       Blink             |       |       |       |       |     8 |     2 |       |     3 |     4 ||    17
       Ozocubu's Refrige |       |       |       |       |   108 |   265 |   260 |   269 |   481 ||  1383
       Iskenderun's Myst |       |       |       |       |     5 |       |       |       |       ||     5
       Mephitic Cloud    |       |       |       |       |       |       |       |       |     1 ||     1
       Passwall          |       |       |       |       |       |       |       |       |     1 ||     1
Evoke: Wand              |       |       |       |     3 |     2 |    10 |    13 |     2 |     2 ||    32
  Use: Scroll            |       |     9 |     6 |     5 |    27 |     9 |     9 |    12 |     8 ||    85
       Potion            |       |       |    11 |     4 |       |     2 |       |     2 |     2 ||    21
 Stab: Sleeping          |       |       |       |       |       |       |     2 |     3 |     7 ||    12
  Eat: Chunk             |    10 |    19 |    13 |    70 |    90 |   120 |    78 |   108 |   168 ||   676
       Ration            |       |       |       |       |       |       |     2 |       |     1 ||     3
Armor: Robe              |     2 |       |       |    17 |     1 |       |       |       |    46 ||    66
       Leather armour    |     1 |       |       |       |       |       |       |       |       ||     1
       Ring mail         |    20 |    22 |    49 |    54 |       |       |       |       |       ||   145
       Skin              |       |       |     1 |       |       |       |       |       |       ||     1
       Scale mail        |       |       |       |       |   179 |   215 |   178 |   449 |   228 ||  1249
Dodge: Dodged            |    25 |    34 |    44 |   166 |   144 |   171 |   149 |   735 |   762 ||  2230
Block: Buckler           |       |       |       |    58 |    61 |    80 |     7 |       |       ||   206
       Kite shield       |       |       |       |       |       |       |   333 |  1057 |   847 ||  2237
       Rpst.: Scimitar   |       |       |       |       |       |     5 |     1 |    75 |     9 ||    90

Table legend:
 A = Non-vault XP
 B = Vault XP
 C = Vault XP percentage of total XP
 D = Non-vault monster count
 E = Vault monster count
 F = Vault count percentage of total count
                 A         B        C        D         E       F
            +---------+---------+-------+---------+---------+-------
      Total |  859906 |  762536 |  47.0 |    1532 |     879 |  36.5
            +---------+---------+-------+---------+---------+-------
        D:1 |      53 |       0 |   0.0 |      22 |       0 |   0.0
        D:2 |      62 |      13 |  17.3 |      14 |       6 |  30.0
        D:3 |     131 |       0 |   0.0 |       8 |       0 |   0.0
        D:4 |     226 |       0 |   0.0 |      16 |       0 |   0.0
        D:5 |     470 |     626 |  57.1 |      20 |       3 |  13.0
        D:6 |     870 |     451 |  34.1 |      24 |       3 |  11.1
        D:7 |     970 |     653 |  40.2 |      22 |       5 |  18.5
        D:8 |    2203 |    3222 |  59.4 |      21 |      11 |  34.4
        D:9 |    1779 |     277 |  13.5 |      29 |       1 |   3.3
       D:10 |    2252 |     344 |  13.3 |      21 |       2 |   8.7
       D:11 |    4343 |     492 |  10.2 |      30 |      28 |  48.3
       D:12 |    1908 |       0 |   0.0 |      11 |       0 |   0.0
       D:13 |    3305 |    9524 |  74.2 |      26 |      61 |  70.1
       D:14 |    9770 |     435 |   4.3 |      41 |       2 |   4.7
       D:15 |    6649 |    2001 |  23.1 |      19 |       2 |   9.5
     Lair:1 |    5275 |     802 |  13.2 |      22 |       1 |   4.3
     Lair:2 |    8892 |    2295 |  20.5 |      23 |      12 |  34.3
     Lair:3 |    2882 |    1440 |  33.3 |       8 |       6 |  42.9
     Lair:4 |    5803 |    5757 |  49.8 |      22 |      18 |  45.0
     Lair:5 |    3663 |       0 |   0.0 |      14 |       0 |   0.0
     Lair:6 |   14313 |   10034 |  41.2 |      43 |      41 |  48.8
    Swamp:1 |   12064 |    1996 |  14.2 |      36 |       1 |   2.7
    Swamp:2 |   11989 |   10428 |  46.5 |      36 |      17 |  32.1
    Swamp:3 |   20757 |    5616 |  21.3 |      52 |       6 |  10.3
    Swamp:4 |   13183 |   22132 |  62.7 |      29 |      25 |  46.3
    Snake:1 |   13170 |    2148 |  14.0 |      24 |       1 |   4.0
    Snake:2 |   18350 |       0 |   0.0 |      35 |       0 |   0.0
    Snake:3 |   20199 |   11710 |  36.7 |      41 |       6 |  12.8
    Snake:4 |   17090 |   30350 |  64.0 |      29 |      43 |  59.7
      Orc:1 |    1939 |    4021 |  67.5 |      19 |       8 |  29.6
      Orc:2 |    3566 |    4239 |  54.3 |      58 |      35 |  37.6
      Elf:1 |   31132 |   12557 |  28.7 |      46 |      15 |  24.6
      Elf:2 |   14698 |   23963 |  62.0 |      24 |      29 |  54.7
      Elf:3 |   23343 |   49213 |  67.8 |      38 |      37 |  49.3
   Vaults:1 |   11976 |    5857 |  32.8 |      27 |       8 |  22.9
   Vaults:2 |   33579 |   33473 |  49.9 |      56 |      47 |  45.6
   Vaults:3 |   35040 |   55871 |  61.5 |      62 |      50 |  44.6
   Vaults:4 |   21657 |   36611 |  62.8 |      39 |      37 |  48.7
   Vaults:5 |   33703 |  127488 |  79.1 |      40 |      86 |  68.3
   Depths:1 |   36707 |       0 |   0.0 |      52 |       0 |   0.0
   Depths:2 |   20818 |   80320 |  79.4 |      17 |      66 |  79.5
   Depths:3 |   43491 |    8572 |  16.5 |      57 |      19 |  25.0
   Depths:4 |   40548 |    7885 |  16.3 |      53 |       6 |  10.2
   Depths:5 |   34667 |   34005 |  49.5 |      37 |      17 |  31.5
      Zot:1 |   44805 |   48441 |  51.9 |      28 |      48 |  63.2
      Zot:2 |   55591 |       0 |   0.0 |      30 |       0 |   0.0
      Zot:3 |   52086 |   10849 |  17.2 |      28 |       5 |  15.2
      Zot:4 |   51981 |       0 |   0.0 |      31 |       0 |   0.0
      Zot:5 |   59377 |   91821 |  60.7 |      34 |      28 |  45.2
    Abyss:3 |    6581 |     530 |   7.5 |      18 |       2 |  10.0
    Ossuary |       0 |     245 | 100.0 |       0 |      27 | 100.0
   Gauntlet |       0 |    3829 | 100.0 |       0 |       8 | 100.0
            +---------+---------+-------+---------+---------+-------
